 Dungeon Sprint DCSS version 0.20-a0-1020-g7b9e4fe (webtiles) character file.

9000000 Krakonus1 the Axe Maniac (level 27, 0/323 HPs)
             Began as an Ogre Monk on Apr 18, 2017.
             Was the Champion of Makhleb.
             Killed from afar by a wretched soul (112 damage)
             ... with a bolt of negative energy
             ... in the Dungeon (Sprint VIII: "Arena of Blood").
             The game lasted 00:06:51 (90 turns).

Krakonus1 the Axe Maniac (Ogre Monk)                  Turns: 90, Time: 00:06:52

Health: 0/323      AC:  5    Str: 23    XL:     27
Magic:  35/54      EV: 31    Int: 11    God:    Makhleb [******]
Gold:   0          SH:  0    Dex: 20    Spells: 80/80 levels left

rFire    . . .     SeeInvis .   i - +∞ Axe of Woe
rCold    . . .     Gourm    .   (shield currently unavailable)
rNeg     . . .     Faith    .   a - +0 robe
rPois    .         Spirit   .   (helmet restricted)
rElec    .         Reflect  .   (no cloak)
rCorr    .         Harm     .   (gloves unavailable)
MR       ++...     NoTele   +   (boots unavailable)
Stlth    +++++++++.             (no amulet)
Regen    0.7/turn               (no ring)
MPRegen  0.4/turn               (no ring)

@: drained
A: unfitting armour, tough skin 1
a: Minor Destruction, Lesser Servant of Makhleb, Major Destruction, Greater
Servant of Makhleb, Renounce Religion


You were in the Dungeon.
You worshipped Makhleb.
Makhleb was exalted by your worship.
You were not hungry.

You visited 1 branch

Inventory:

Hand Weapons
 i - the +∞ Axe of Woe (weapon)
   (You found it in the Dungeon)
Armour
 a - a +0 robe (worn)
Scrolls
 h - a scroll of blinking
Potions
 c - a potion of curing
 e - a potion of haste
 f - 2 potions of magic
 g - a potion of berserk rage
Comestibles
 b - a bread ration


   Skills:
 O Level 27(25.5) Fighting
 O Level 27(25.5) Axes
 O Level 27(25.5) Throwing
 O Level 27(25.5) Armour
 O Level 27(25.5) Dodging
 O Level 27(25.5) Stealth
 O Level 27(25.5) Unarmed Combat
 O Level 27(25.5) Spellcasting
 O Level 27(25.5) Invocations


You had 80 spell levels left.
You didn't know any spells.

Dungeon Overview and Level Annotations

Branches:
Dungeon (1/1)

Altars:
Makhleb


Innate Abilities, Weirdness & Mutations

You are too large for most types of armour.
You have tough skin. (AC +1)


Message History

You feel a bit more experienced.
You hear a shout! x3
The eight-headed meat hydra calls on the powers of darkness!
The eight-headed meat hydra convulses!
The bag of meat convulses! x2
Your body is wracked with pain!
The meat berserker convulses!
You hear a shout! x3
The meat berserker hits you with a +9 battleaxe!!!
A destroyer comes into view.
It is wielding a +9 great sword of slicing.
The destroyer shouts!
You hear a shout!
Unknown command.
You slice the meat berserker!!
You pulverise the meat berserker into a thin bloody mist.
You kill the meat berserker!
Makhleb accepts your kill.
You hear a shout!
The small abomination is engulfed in blazing flames.
A bolt of negative energy appears from out of thin air!
Deactivating autopickup; reactivate with Ctrl-A.
The bolt of negative energy hits you!
You feel drained.
You die...

.... oO ... #..
.%# #.% ..# .
.###.. ..###V.
.%%%%%###.......
.....%_).......
#.)x@§# .
#_§<)§# .
....#%)o§D#....
....xo._xX%%...
......###.%.%..
.###.. %.###..
#.. ..# . #. ..#
.. ...


You could see an eight-headed meat hydra, a destroyer, a large abomination, a
small abomination, 2 bags of meat and 2 crawling corpses.

Vanquished Creatures
  3 hell beasts (D)
  A greater mummy (D)
  15 vampire knights (D)
  32 ogres (D)
  7 two-headed ogres (D)
  A lich (D)
  59 orcs (D)
  2 phantoms (D)
  4 skeletal warriors (D)
  8 large abominations (D)
  2 small abominations (D)
  13 crawling corpses (D)
147 creatures vanquished.

Notes
Turn   | Place    | Note
-------+----------+-------------------------------------------
     0 | D        | Krakonus1 the Ogre Monk began the quest for the Orb.
     0 | D        | Reached XP level 1. HP: 27/27 MP: 1/1
     3 | D        | Noticed a bag of meat
     3 | D        | Noticed a bag of meat
     4 | D        | Became a worshipper of Makhleb the Destroyer
     4 | D        | Reached * piety under Makhleb
     4 | D        | Reached ** piety under Makhleb
     5 | D        | Noticed a bag of meat
     6 | D        | Noticed a bag of meat
     6 | D        | Noticed a bag of meat
     8 | D        | Noticed a meat berserker
     9 | D        | Noticed a meat berserker
    10 | D        | Noticed a bag of meat
    10 | D        | Killed a bag of meat
    10 | D        | Reached XP level 2. HP: 35/35 MP: 2/2
    10 | D        | Reached XP level 3. HP: 42/42 MP: 3/3
    10 | D        | Reached XP level 4. HP: 50/50 MP: 4/4
    10 | D        | Reached XP level 5. HP: 57/57 MP: 5/5
    10 | D        | Reached XP level 6. HP: 66/66 MP: 6/6
    10 | D        | Reached XP level 7. HP: 72/72 MP: 7/7
    10 | D        | Reached XP level 8. HP: 80/80 MP: 8/8
    10 | D        | Reached XP level 9. HP: 88/88 MP: 9/9
    10 | D        | Reached XP level 10. HP: 96/96 MP: 10/10
    10 | D        | Reached XP level 11. HP: 104/104 MP: 11/11
    10 | D        | Reached XP level 12. HP: 111/111 MP: 12/12
    11 | D        | Noticed a bag of meat
    11 | D        | Killed a meat berserker
    11 | D        | Reached XP level 13. HP: 68/118 MP: 13/13
    11 | D        | Reached XP level 14. HP: 74/127 MP: 14/14
    11 | D        | Killed a bag of meat
    11 | D        | Reached skill level 27 in Axes
    11 | D        | Killed a bag of meat
    11 | D        | Reached *** piety under Makhleb
    11 | D        | Reached XP level 15. HP: 183/183 MP: 15/15
    12 | D        | Killed a meat berserker
    12 | D        | Reached skill level 27 in Fighting
    12 | D        | Reached skill level 10 in Dodging
    12 | D        | Reached XP level 16. HP: 217/217 MP: 16/16
    15 | D        | Noticed a meat berserker
    15 | D        | Noticed a meat berserker
    15 | D        | Reached **** piety under Makhleb
    17 | D        | Noticed a meat berserker
    18 | D        | Reached XP level 17. HP: 226/226 MP: 17/17
    19 | D        | Noticed a meat berserker
    19 | D        | Noticed a meat berserker
    19 | D        | Killed a meat berserker
    19 | D        | Reached skill level 27 in Dodging
    19 | D        | Reached skill level 5 in Stealth
    21 | D        | Killed a meat berserker
    21 | D        | Reached ***** piety under Makhleb
    21 | D        | Reached XP level 18. HP: 209/236 MP: 18/18
    21 | D        | Killed a meat berserker
    22 | D        | Noticed a meat berserker
    22 | D        | Noticed a meat berserker
    22 | D        | Killed a meat berserker
    22 | D        | Reached XP level 19. HP: 245/245 MP: 19/19
    24 | D        | Noticed a meat berserker
    24 | D        | Reached skill level 27 in Stealth
    24 | D        | Reached skill level 10 in Armour
    24 | D        | Killed a meat berserker
    25 | D        | Noticed a large bag of meat
    26 | D        | Killed a meat berserker
    26 | D        | Reached XP level 20. HP: 256/256 MP: 20/20
    27 | D        | Killed a meat berserker
    27 | D        | Reached skill level 27 in Armour
    28 | D        | Noticed a destroyer
    29 | D        | Noticed a large bag of meat
    30 | D        | Killed a meat berserker
    30 | D        | Reached ****** piety under Makhleb
    30 | D        | Reached skill level 10 in Unarmed Combat
    30 | D        | Reached XP level 21. HP: 265/265 MP: 20/37
    30 | D        | Reached skill level 15 in Spellcasting
    30 | D        | Reached skill level 15 in Invocations
    32 | D        | Noticed a meat berserker
    32 | D        | Noticed a destroyer
    33 | D        | Noticed a meat berserker
    33 | D        | Killed a large bag of meat
    33 | D        | Reached XP level 22. HP: 275/275 MP: 21/46
    36 | D        | Reached XP level 23. HP: 284/284 MP: 21/52
    36 | D        | Killed a destroyer
    36 | D        | Reached skill level 27 in Spellcasting
    36 | D        | Reached skill level 27 in Invocations
    36 | D        | Killed a large bag of meat
    36 | D        | Reached skill level 27 in Throwing
    37 | D        | Noticed a destroyer
    37 | D        | Killed a destroyer
    37 | D        | Reached skill level 27 in Unarmed Combat
    37 | D        | Reached XP level 24. HP: 295/295 MP: 22/54
    38 | D        | Reached XP level 25. HP: 304/304 MP: 22/54
    40 | D        | Noticed a destroyer
    40 | D        | Noticed a destroyer
    41 | D        | Noticed a destroyer
    41 | D        | Noticed a large bag of meat
    41 | D        | Killed a destroyer
    42 | D        | Noticed a destroyer
    42 | D        | Killed a destroyer
    42 | D        | Reached XP level 26. HP: 314/314 MP: 23/54
    44 | D        | Noticed a destroyer
    44 | D        | Killed a destroyer
    44 | D        | Reached XP level 27. HP: 323/323 MP: 23/54
    46 | D        | Killed a large bag of meat
    47 | D        | Noticed a destroyer
    47 | D        | Killed a destroyer
    48 | D        | Killed a destroyer
    49 | D        | Noticed a destroyer
    49 | D        | Killed a destroyer
    50 | D        | Noticed an accursed
    51 | D        | Killed a destroyer
    52 | D        | Noticed a large bag of meat
    54 | D        | Noticed a tyrant
    57 | D        | Noticed a large bag of meat
    58 | D        | Noticed a destroyer
    60 | D        | Killed a destroyer
    61 | D        | Noticed a large bag of meat
    62 | D        | Noticed a destroyer
    62 | D        | Killed a large bag of meat
    62 | D        | Killed an accursed
    64 | D        | Noticed a destroyer
    64 | D        | Killed a destroyer
    65 | D        | Killed a destroyer
    66 | D        | Killed a large bag of meat
    67 | D        | Noticed a large bag of meat
    67 | D        | Killed a large bag of meat
    68 | D        | Noticed a meat beast
    68 | D        | Killed a tyrant
    69 | D        | Killed a meat beast
    70 | D        | Killed a destroyer
    71 | D        | Noticed a destroyer
    73 | D        | Noticed a meat beast
    75 | D        | Killed a large bag of meat
    76 | D        | Noticed a destroyer
    76 | D        | Killed a destroyer
    77 | D        | Killed a meat beast
    80 | D        | Killed a destroyer
    86 | D        | Noticed a meat beast
    89 | D        | Killed a meat beast
    89 | D        | Noticed a destroyer
    90 | D        | Killed from afar by a wretched soul

Vault maps used:
D:        meatsprint

Skill      XL: |  1  2  3  4  5  6  7  8  9 10 11 12 13 14 15 16 17 18 19 20 21 22 23 |
---------------+----------------------------------------------------------------------+-----
Axes           | 20 25 27 | 27.0
Fighting       | 19 27 | 27.0
Dodging        | 10 22 27 | 27.0
Stealth        | 17 26 27 | 27.0
Armour         | 23 27 | 27.0
Throwing       | 11 19 23 27 | 27.0
Unarmed Combat | 10 18 21 27 | 27.0
Spellcasting   | 12 20 25 27 | 27.0
Invocations    | 12 20 25 27 | 27.0

Action                   |  1- 3 |  4- 6 |  7- 9 | 10-12 | 13-15 | 16-18 | 19-21 | 22-24 | 25-27 || total
-------------------------+-------+-------+-------+-------+-------+-------+-------+-------+-------++-------
Melee: Executioner's axe |     1 |       |       |     1 |     1 |     5 |     6 |     4 |    46 ||    64
Invok: Greater Servant o |       |       |       |       |       |       |       |       |     3 ||     3
  Use: Potion            |       |       |       |       |       |       |       |       |     1 ||     1
Dodge: Dodged            |       |       |       |       |       |       |       |     1 |     1 ||     2
